 Dungeon Crawl Stone Soup version 0.29-a0-459-g97dee8cd24 (webtiles) character file.

Game seed: 4534197196446337211

126639 snarfax the Executioner (level 16, -8/243 HPs)
             Began as a Minotaur Berserker on May 20, 2022.
             Was a High Priest of Trog.
             Mangled by a ghost moth (11 damage)
             ... on level 1 of the Spider Nest.
             The game lasted 01:41:15 (32359 turns).

snarfax the Executioner (Minotaur Berserker)       Turns: 32359, Time: 01:41:15

Health: -8/243     AC: 27    Str: 26 (27) XL:     16   Next: 44%
Magic:  0/15       EV: 13    Int:  4 (6)  God:    Trog [*****.]
Gold:   3378       SH:  0    Dex: 11      Spells: 15/15 levels left

rFire   . . .      SeeInvis +   K - +3 executioner's axe (flame)
rCold   + . .      Faith    .   (shield currently unavailable)
rNeg    . . .      Spirit   +   A - +2 plate armour {rC+}
rPois   .          Reflect  .   (helmet restricted)
rElec   +          Harm     .   W - +0 cloak {rCorr}
rCorr   +          Rampage  +   c - +1 pair of gloves {hurl}
Will    +++..                   g - +2 pair of boots {rampage}
Stlth   ..........              E - amulet of Nekos {Spirit rElec Slay+3}
HPRegen 1.50/turn               l - +4 ring of evasion
MPRegen 0.14/turn               x - ring of see invisible

@: berserking, strong-willed, regenerating, very quick
A: horns 2, retaliatory headbutt
a: Renounce Religion, Berserk, Trog's Hand, Brothers in Arms


You were on level 1 of the Spider Nest.
You worshipped Trog.
Trog was extremely pleased with you.
You visited 4 branches of the dungeon, and saw 24 of its levels.
You also visited: Gauntlet and Ice Cave.

You collected 3558 gold pieces.
You spent 180 gold pieces at shops.

Inventory:

Hand Weapons
 d - a +4 antimagic executioner's axe
 v - a +0 broad axe
 K - a +3 executioner's axe of flaming (weapon)
Missiles
 w - 14 boomerangs (quivered)
 y - 8 throwing nets
 C - 14 javelins
 Q - 9 curare-tipped darts
Armour
 c - a +1 pair of gloves of hurling (worn)
 g - a +2 pair of boots of rampaging (worn)
 A - a +2 plate armour of cold resistance (worn)
 R - a +4 chain mail of willpower
 U - +0 fire dragon scales
 V - a +0 pair of boots of flying
 W - a +0 cloak of preservation (worn)
Jewellery
 l - a +4 ring of evasion (left hand)
 o - a ring of fire
 s - a +4 ring of evasion
 x - a ring of see invisible (right hand)
 z - the brooch of Shielding {Spirit SH+8}
   (You took it off a minotaur in a Gauntlet)

   [amulet of guardian spirit]

   It causes incoming damage to be divided between your reserves of health and
   magic.
   SH:        It affects your SH (+8).
 E - the amulet of Nekos (around neck) {Spirit rElec Slay+3}
   (You found it on level 11 of the Dungeon)

   [amulet of guardian spirit]

   It causes incoming damage to be divided between your reserves of health and
   magic.
   Slay:      It affects your accuracy & damage with ranged weapons and melee
   (+3).
   rElec:     It insulates you from electricity.
 G - a ring of ice
 H - a +6 ring of intelligence
 L - a ring of poison resistance
 M - the amulet of the Charmed Grape {Harm +Inv Regen+ Stlth+}
   (You found it in a Gauntlet)

   [amulet of regeneration]

   +Inv:      It lets you turn invisible.
   Regen:     It increases your rate of health regeneration.
   Harm:      It increases damage dealt and taken.
   Stlth:     It makes you more stealthy.
 O - a ring of protection from fire
Wands
 i - a wand of iceblast (14)
 m - a wand of flame (50)
 X - a wand of acid (7)
Scrolls
 b - 6 scrolls of enchant armour
 h - 2 scrolls of brand weapon
 j - 10 scrolls of teleportation
 q - 3 scrolls of poison
 r - 4 scrolls of fog
 F - 2 scrolls of acquirement
 J - a scroll of summoning
 T - 3 scrolls of fear
 Y - a scroll of magic mapping
 Z - a scroll of enchant weapon
Potions
 e - 9 potions of curing
 f - 6 potions of mutation
 k - 2 potions of resistance
 n - 2 potions of cancellation
 t - 2 potions of invisibility
 B - 4 potions of haste
 D - 4 potions of might
 I - 4 potions of flight
Miscellaneous
 u - a phantom mirror
 N - a lightning rod (4/4)
 P - a phial of floods
 S - a tin of tremorstones (2/2)


   Skills:
 - Level 20.0 Fighting
 + Level 26.4 Axes
 + Level 16.0 Armour
 - Level 2.1 Dodging


You had 15 spell levels left.
You didn't know any spells.
Your spell library was empty.

Dungeon Overview and Level Annotations

Branches:
Dungeon (15/15)            Temple (0/1) D:4            Lair (6/6) D:11
  Swamp (0/4) Lair:2       Spider (1/4) Lair:4        Slime (0/5) Lair:5
    Orc (2/2) D:12            Elf (0/3) Orc:2        Vaults (0/5) D:14
 Depths (0/4) D:15          IceCv (visited)         Gauntlet (visited)

Altars:
Dithmenos
Nemelex Xobeh
Qazlal
Trog
Vehumet
Xom

Shops:
Orc:1 ****((*   Orc:2 :[![*

Annotations:
D:8 2 transporters, ew1980's ghost, novice GnGl
Spider:1 1 transporter, exclusion: oklob plant, Arachne; Starbright's ghost, adept TrBe


Innate Abilities, Weirdness & Mutations

You have a pair of horns on your head.
You reflexively headbutt those who attack you in melee.


Message History

The ghost moth hits you!
* * * LOW HITPOINT WARNING * * *
You feel dopey.
The ghost moth hits you but does no damage.
The ghost moth stings you but does no damage.
Arachne mumbles some strange words.
Arachne blinks!
Your troll bites turdburglar's ghost.
Your troll claws turdburglar's ghost!
Your troll claws turdburglar's ghost but does no damage.
Your iron troll bites SirDiesAlot's ghost!
Your iron troll claws SirDiesAlot's ghost!
SirDiesAlot's ghost is destroyed!
Trog accepts your kill.
Trog appreciates your killing of a magic user.
Turdburglar's ghost hits your troll!!
Starbright's ghost hits you but does no damage.
Your troll barely misses turdburglar's ghost.
Your troll closely misses turdburglar's ghost.
Your troll claws turdburglar's ghost!
The ghost moth hits you but does no damage. x2
The ghost moth stings you!
* * * LOW HITPOINT WARNING * * *
You feel weakened.
Your iron troll rages.
Your Armour skill increases to level 16!
A red film seems to cover your vision as you go berserk!
You feel yourself moving faster!
You feel mighty!
Arachne mumbles some strange words.
Arachne blinks!
Your troll bites turdburglar's ghost.
Your troll claws turdburglar's ghost but does no damage.
Your troll claws turdburglar's ghost!
Turdburglar's ghost is destroyed!
Trog accepts your kill.
Your troll bites Starbright's ghost!!
Your troll claws Starbright's ghost but does no damage.
Your troll claws Starbright's ghost.
Starbright's ghost hits you!!
* * * LOW HITPOINT WARNING * * *
The ghost moth barely misses you. You furiously retaliate!
You headbutt the ghost moth. The ghost moth hits you!
You die...

#....#.####...###....^...#..
##......#.#....?.....##..###
##........................#
#...........#####.........
###.....#..##≈.≈##........
#....##..##H###.##..##..[
#..^##..##T.≈...y##......
##.##..##8..$≈≈≈.8##.....
#.#..##@†#..##.#.≈##....
#...##yWT.##.##.s≈.##...
#...#y#°T##...##.W#.#...
#..©#©#≈≈#.....#≈.#©#©..
##..#†#≈.##..}.#..#.#...
#..##≈...##.##...s##...
##..##.≈#.###.#≈.##....
##..##8≈≈....sP##.....
##..##≈.y.{..##..##..


You could see Arachne, a ghost moth (invisible), a spark wasp, Starbright's
ghost (ally target), a friendly iron troll (summoned, berserk) and 2 friendly
trolls.

Vanquished Creatures
  Jorgrun (Orc:1)
  Agnes (D:14)
  A broodmother (Lair:4)
  A stone giant (D:15)
  Azrael (D:14)
  The ghost of siradein the Grappler, a journeyman TrBe of Trog (Lair:3)
  A minotaur (Gauntlet)
  A spark wasp (Spider:1)
  Josephine (Orc:1)
  A fire dragon (Lair:6)
  Harold (D:10)
  3 boulder beetles (D:14)
  10 hydras
  The ghost of royokou the Grappler, a novice TrTm of Ru (Lair:1)
  7 centaur warriors
  A jorogumo (Spider:1)
  3 two-headed ogres
  A dancing weapon (Lair:1)
  7 tengu warriors
  Urug (Orc:2)
  3 orc high priests (Orc:2)
  A deep elf knight (D:14)
  A skeletal warrior (D:14)
  A sun moth (Spider:1)
  2 pharaoh ants (Lair:4)
  An orb spider (Spider:1)
  2 wizards
  6 orc knights
  A swamp dragon (Lair:6)
  A deep elf pyromancer (D:14)
  3 deep elf zephyrmancers (D:14)
  An oklob plant (D:11)
  5 orc sorcerers (Orc:2)
  6 wolf spiders
  8 manticores
  15 ugly things
  A cyclops (D:13)
  Maurice (D:9)
  2 ice statues (IceCv)
  16 black mambas
  3 elephants (Lair:5)
  3 torpor snails
  A guardian serpent (Lair:6)
  18 cane toads
  A gargoyle (D:12)
  An unseen horror (shapeshifter) (D:15)
  3 demonic crawlers
  Psyche (D:9)
  3 rime drakes
  A freezing wraith (D:15)
  15 komodo dragons
  2 efreet
  2 kobold demonologists
  4 tengu conjurers
  4 polar bears
  2 hornets (Lair:6)
  4 meliai
  4 trolls
  A tyrant leech (Gauntlet)
  Prince Ribbit (D:5)
  10 tarantellas
  8 slime creatures
  17 blink frogs
  6 dream sheep (Lair:4)
  3 culicivoras (Spider:1)
  15 jumping spiders
  6 shadows
  6 wraiths
  11 wyverns
  73 yaks
  2 fire elementals
  A golden eye (shapeshifter) (D:9)
  7 basilisks
  6 steam dragons
  4 vampire mosquitoes
  15 redbacks
  4 swamp worms (Gauntlet)
  3 death yak simulacra (IceCv)
  2 wargs
  Edmund (D:5)
  A harpy simulacrum (IceCv)
  6 acid dragons
  23 water moccasins
  5 hell hounds
  An ice beast (D:6)
  19 orc warriors
  2 swamp drakes
  5 sky beasts
  3 black bears
  37 wolves
  5 ogres
  14 centaurs
  A phantom (D:5)
  8 kobold brigands
  14 bullfrogs
  2 gnoll sergeants
  3 necrophages
  5 scorpions
  8 wights
  An elephant simulacrum (IceCv)
  15 killer bees
  3 howler monkeys
  6 jellies
  2 hounds (D:6)
  Crazy Yiuf (D:5)
  4 gnoll shamans
  20 orc priests
  5 centaur skeletons
  13 iguanas
  3 scorpion zombies (D:4)
  Ijyb (D:3)
  36 orc wizards
  3 hound zombies (D:4)
  A howler monkey zombie (D:4)
  9 adders
  22 gnolls
  A howler monkey skeleton (D:4)
  3 shadow imps
  14 white imps
  2 ufetubi
  4 adder zombies (D:4)
  An adder skeleton (D:4)
  2 worms (D:3)
  3 dart slugs
  71 orcs
  10 endoplasms
  7 giant cockroaches
  14 goblins
  13 hobgoblins
  3 jackals (D:4)
  24 kobolds
  2 quokkas
  9 ball pythons
  A bat (D:1)
  3 frilled lizards
  3 rats
  A bush (Lair:6)
  A plant (Lair:6)
895 creatures vanquished.

Vanquished Creatures (collateral kills)
  The ghost of SirDiesAlot the Eclecticist, a journeyman DEEE of Cheibriados (Spider:1)
  The ghost of turdburglar the Cleaver, a journeyman HOFi of Nemelex Xobeh (Spider:1)
2 creatures vanquished.

Vanquished Creatures (others)
  A culicivora (Spider:1)
  An orc wizard (D:10)
  A bush (Lair:1)
  20 demonic plants (Gauntlet)
  56 fungi
  99 plants
  17 withered plants
195 creatures vanquished.

Grand Total: 1092 creatures vanquished

Notes
Turn   | Place    | Note
-------+----------+-------------------------------------------
     0 | D:1      | snarfax the Minotaur Berserker began the quest for the Orb.
     0 | D:1      | Reached XP level 1. HP: 19/19 MP: 0/0
    30 | D:1      | Reached skill level 4 in Axes
    87 | D:1      | You fall into a shaft and drop 1 floor!
   131 | D:2      | Reached XP level 2. HP: 25/26 MP: 1/1
   267 | D:2      | Reached skill level 5 in Axes
   343 | D:2      | Reached XP level 3. HP: 29/31 MP: 2/2
   875 | D:1      | Found a faded altar of an unknown god.
   890 | D:1      | Reached ** piety under Trog
  1649 | D:2      | Reached skill level 6 in Axes
  1649 | D:2      | Reached XP level 4. HP: 39/39 MP: 3/3
  1691 | D:2      | Found a shadowy altar of Dithmenos.
  2837 | D:3      | Reached *** piety under Trog
  2855 | D:3      | Reached skill level 7 in Axes
  2855 | D:3      | Reached XP level 5. HP: 45/45 MP: 4/4
  2889 | D:3      | Noticed Ijyb
  2902 | D:3      | Killed Ijyb
  3547 | D:4      | Reached skill level 8 in Axes
  3555 | D:4      | Reached XP level 6. HP: 47/51 MP: 5/5
  3673 | D:4      | Reached skill level 9 in Axes
  3850 | D:4      | Found a staircase to the Ecumenical Temple.
  4264 | D:4      | Reached XP level 7. HP: 57/57 MP: 6/6
  4309 | D:4      | Reached **** piety under Trog
  4442 | D:4      | Reached skill level 10 in Axes
  4623 | D:5      | Entered Level 5 of the Dungeon
  4768 | D:5      | Noticed Prince Ribbit
  4768 | D:5      | Noticed Edmund
  4774 | D:5      | Killed Prince Ribbit
  4790 | D:5      | Killed Edmund
  4791 | D:5      | Reached skill level 11 in Axes
  5064 | D:5      | Reached XP level 8. HP: 64/64 MP: 7/7
  5142 | D:5      | Reached skill level 12 in Axes
  5543 | D:5      | Found a runed translucent door.
  5544 | D:5      | Noticed Crazy Yiuf
  5549 | D:5      | Killed Crazy Yiuf
  5554 | D:5      | Identified the +9 mace "Itota" {spect, rPois Str-5 Int+3}
  5866 | D:5      | Reached skill level 13 in Axes
  6123 | D:6      | Noticed a troll
  6145 | D:5      | Killed a troll
  6146 | D:5      | Reached skill level 14 in Axes
  6319 | D:6      | Reached XP level 9. HP: 70/70 MP: 8/8
  6557 | D:6      | Reached ***** piety under Trog
  6705 | D:6      | Reached skill level 15 in Axes
  7448 | D:7      | Reached skill level 16 in Axes
  8157 | D:7      | Reached skill level 17 in Axes
  8167 | D:7      | Reached XP level 10. HP: 40/77 MP: 9/9
  8787 | D:8      | Identified a scroll of acquirement
  8787 | D:8      | Acquired a manual of Axes
  8906 | D:8      | Found a transporter.
  8906 | D:8      | Noticed ew1980's ghost (novice GnGl)
  8907 | D:8      | Found a transporter.
  9566 | D:8      | Reached skill level 5 in Fighting
 10099 | D:9      | Received a gift from Trog
 10102 | D:9      | Reached skill level 18 in Axes
 10124 | D:9      | Noticed Maurice
 10151 | D:9      | Killed Maurice
 10417 | D:9      | Noticed Psyche
 10420 | D:9      | Killed Psyche
 10439 | D:9      | Noticed a manticore
 10439 | D:9      | Noticed a centaur warrior
 10439 | D:9      | Noticed a manticore
 10752 | D:9      | Found a runed translucent door.
 10766 | D:9      | Reached skill level 19 in Axes
 10898 | D:9      | Noticed a white ugly thing
 10904 | D:9      | Killed a white ugly thing
 10905 | D:9      | Noticed a centaur warrior
 10905 | D:9      | Noticed a green ugly thing
 10917 | D:9      | Killed a centaur warrior
 10918 | D:9      | Reached skill level 20 in Axes
 10919 | D:9      | Killed a green ugly thing
 10920 | D:9      | Reached XP level 11. HP: 42/93 MP: 10/10
 11118 | D:9      | Killed a centaur warrior
 11127 | D:9      | Reached skill level 21 in Axes
 11490 | D:9      | Found a sparkling altar of Nemelex Xobeh.
 11596 | D:9      | Noticed a white ugly thing
 11604 | D:9      | Killed a white ugly thing
 11940 | D:9      | Noticed a centaur warrior
 11940 | D:9      | Noticed a cyan ugly thing
 11952 | D:9      | Killed a centaur warrior
 11954 | D:9      | Noticed a centaur warrior
 11960 | D:9      | Killed a cyan ugly thing
 11964 | D:9      | Killed a centaur warrior
 11965 | D:9      | Reached skill level 22 in Axes
 11968 | D:9      | Identified the +8 hand axe "Tormentor" {drain, *Rage Will+
                  | rCorr}
 11971 | D:9      | Identified the +1 plate armour of the Skies Above {Str+6
                  | Int+7 Slay-2}
 12107 | D:10     | Entered Level 10 of the Dungeon
 12125 | D:10     | Received a gift from Trog
 12160 | D:10     | Noticed a centaur warrior
 12166 | D:10     | Killed a centaur warrior
 12471 | D:10     | Noticed a two-headed ogre
 12480 | D:10     | Killed a two-headed ogre
 12486 | D:10     | Noticed Harold
 12498 | D:10     | Killed Harold
 12499 | D:10     | Reached skill level 10 in Fighting
 12499 | D:10     | Reached skill level 23 in Axes
 12712 | D:10     | Identified the +1 robe "Birethal" {rC+ Int+4}
 13387 | D:10     | Reached XP level 12. HP: 106/106 MP: 11/11
 14352 | D:11     | Found a staircase to the Lair.
 14615 | D:11     | Identified the amulet of Nekos {Spirit rElec Slay+3}
 14881 | Lair:1   | Entered Level 1 of the Lair of Beasts
 14887 | Lair:1   | Reached skill level 5 in Armour
 15075 | Lair:1   | Reached ****** piety under Trog
 15173 | Lair:1   | Identified the +5 flail "Zyga" {vorpal, Drain rElec Will+}
 15191 | Lair:1   | Found a runed translucent door.
 15192 | Lair:1   | Found a shimmering altar of Xom.
 15192 | Lair:1   | Noticed royokou's ghost (novice TrTm)
 15216 | Lair:1   | Reached skill level 24 in Axes
 15405 | Lair:1   | Received a gift from Trog
 15876 | Lair:1   | Killed royokou's ghost
 16104 | Lair:2   | Reached skill level 10 in Armour
 16130 | Lair:2   | Found a gate leading to a gauntlet.
 16138 | Gauntlet | Entered a Gauntlet
 16138 | Gauntlet | Found a transporter.
 16149 | Gauntlet | Found a transporter.
 16185 | Gauntlet | Found a transporter.
 16203 | Gauntlet | Found a transporter.
 16211 | Gauntlet | Found a transporter.
 16214 | Gauntlet | Noticed a cacodemon
 16295 | Gauntlet | Found a transporter.
 16297 | Gauntlet | Found a large runed translucent door.
 16297 | Gauntlet | Found a large runed translucent door.
 16298 | Gauntlet | Found a large runed translucent door.
 16298 | Gauntlet | Found a large runed translucent door.
 16299 | Gauntlet | Found a large runed translucent door.
 16299 | Gauntlet | Found a runed translucent door.
 16299 | Gauntlet | Found a large runed translucent door.
 16299 | Gauntlet | Found a runed translucent door.
 16299 | Gauntlet | Found a large runed translucent door.
 16299 | Gauntlet | Found a large runed translucent door.
 16300 | Gauntlet | Found a large runed translucent door.
 16300 | Gauntlet | Found a large runed translucent door.
 16303 | Gauntlet | Found a transporter.
 16325 | Gauntlet | Found a transporter.
 16393 | Gauntlet | Found a transporter.
 16409 | Gauntlet | Found a transporter.
 16409 | Gauntlet | Found a transporter.
 16421 | Gauntlet | Found a transporter.
 16542 | Gauntlet | Found a large runed translucent door.
 16542 | Gauntlet | Found a large runed translucent door.
 16543 | Gauntlet | Found a large runed translucent door.
 16543 | Gauntlet | Found a large runed translucent door.
 16543 | Gauntlet | Found a large runed translucent door.
 16543 | Gauntlet | Found a large runed translucent door.
 16615 | Gauntlet | Found a transporter.
 16651 | Gauntlet | Found a transporter.
 16691 | Gauntlet | Noticed a minotaur
 16695 | Gauntlet | Killed a minotaur
 16696 | Gauntlet | Reached XP level 13. HP: 95/116 MP: 9/12
 16707 | Gauntlet | Identified the amulet of the Charmed Grape {Harm +Inv
                  | Regen+ Stlth+}
 16952 | Lair:2   | Found a staircase to the Swamp.
 16979 | Lair:2   | Received a gift from Trog
 17665 | Lair:3   | Found a runed translucent door.
 17666 | Lair:3   | Noticed siradein's ghost (journeyman TrBe)
 17687 | Lair:3   | Killed siradein's ghost
 18694 | Lair:4   | Reached skill level 15 in Fighting
 18873 | Lair:4   | Found a hole to the Spider Nest.
 20148 | Lair:5   | Found a staircase to the Slime Pits.
 20153 | Lair:5   | Reached XP level 14. HP: 135/138 MP: 13/13
 20376 | Lair:6   | Entered Level 6 of the Lair of Beasts
 20385 | Lair:6   | Received a gift from Trog
 21998 | Lair:6   | Received a gift from Trog
 23191 | D:12     | Found a frozen archway.
 23204 | IceCv    | Entered an ice cave
 23215 | IceCv    | Found a transporter.
 23256 | IceCv    | Found a transporter.
 23540 | D:12     | Found a staircase to the Orcish Mines.
 23775 | D:12     | Reached XP level 15. HP: 128/155 MP: 10/14
 24615 | D:13     | Received a gift from Trog
 25524 | D:14     | Identified the +1 ring mail of the Vaults {rElec}
 25867 | D:14     | Reached skill level 25 in Axes
 26282 | D:14     | Found a gate to the Vaults.
 26581 | D:15     | Entered Level 15 of the Dungeon
 26586 | D:15     | Noticed Agnes
 26891 | D:15     | Noticed Azrael
 26970 | D:15     | Received a gift from Trog
 26977 | D:14     | Killed Azrael
 27244 | D:14     | Killed Agnes
 27684 | D:15     | Found a staircase to the Depths.
 27793 | D:15     | Found a stormy altar of Qazlal.
 27938 | Orc:1    | Entered Level 1 of the Orcish Mines
 28037 | Orc:1    | Noticed Josephine
 28042 | Orc:1    | Killed Josephine
 28067 | Orc:1    | Found Ziquor's General Store.
 28074 | Orc:1    | Found Keatorusm's Antique Weapon Shoppe.
 28221 | Orc:2    | Entered Level 2 of the Orcish Mines
 28221 | Orc:2    | Found a staircase to the Elven Halls.
 28363 | Orc:2    | Found Qileo's Book Shoppe.
 28517 | Orc:2    | Found a radiant altar of Vehumet.
 28564 | Orc:2    | Noticed Urug
 28574 | Orc:2    | Killed Urug
 28604 | Orc:2    | Reached XP level 16. HP: 87/160 MP: 6/15
 28658 | Orc:1    | Noticed Jorgrun
 29076 | Orc:2    | Found Hidwiun's Assorted Antiques.
 29076 | Orc:2    | Found Taacw's Armour Boutique.
 29084 | Orc:2    | Received a gift from Trog
 29087 | Orc:2    | Found Rituy's Antique Armour Shoppe.
 29087 | Orc:2    | Found Xusoqah's Distillery.
 29119 | Orc:2    | Bought a potion of heal wounds for 90 gold pieces
 29119 | Orc:2    | Bought a potion of heal wounds for 90 gold pieces
 29409 | Orc:1    | Found a bloodstained altar of Trog.
 29447 | Orc:1    | Found Lotzim's Assorted Antiques.
 29459 | Orc:1    | Found Aczyoquh's Assorted Antiques.
 29506 | Orc:1    | Found Duojy's Weapon Shop.
 29571 | Orc:1    | Killed Jorgrun
 30048 | Orc:1    | Found Igymas's General Store.
 30050 | Orc:1    | Found Ashasamo's Specific Store.
 30309 | Spider:1 | Entered Level 1 of the Spider Nest
 30337 | Lair:4   | Reached skill level 26 in Axes
 30420 | Spider:1 | Reached skill level 15 in Armour
 30576 | Spider:1 | Found a transporter.
 30581 | Spider:1 | Noticed Starbright's ghost (adept TrBe)
 30585 | Spider:1 | Noticed SirDiesAlot's ghost (journeyman DEEE)
 31210 | Spider:1 | Received a gift from Trog
 31885 | Spider:1 | Noticed turdburglar's ghost (journeyman HOFi)
 31886 | Spider:1 | Noticed Arachne
 31945 | Spider:1 | Found a transporter.
 32358 | Spider:1 | Killed SirDiesAlot's ghost
 32359 | Spider:1 | Killed turdburglar's ghost
 32359 | Spider:1 | HP: 3/243 [Starbright's ghost (21)]
 32359 | Spider:1 | Mangled by a ghost moth

Illustrated notes

Levels and vault maps discovered:
D:1:      psy_arrival_radial01, layout_basic,
          shapermc_ecumenical_altar_rom_forum
D:2:      kennysheep_the_goblin_king, layout_basic, basic_altar,
          minmay_diced_spiral
D:3:      layout_loops_corners, chequers_serial_rivers_micro_e,
          patterned_corridor, uniq_ijyb
D:4:      layout_basic, minmay_temple_entry_glass, serial_undead,
          serial_undead_e, serial_undead_a, serial_undead_a, serial_undead_b,
          serial_undead_b, serial_undead_e
D:5:      layout_loops_ring, supply_closet_lemuel, uniq_crazy_yiuf_cottage,
          uniq_edmund, uniq_prince_ribbit1
D:6:      layout_basic, minmay_three_doors
D:7:      layout_basic, hangedman_misty_isle
D:8:      layout_layer_cave, gammafunk_ghost_arena
D:9:      minmay_the_grid_triangle_9x9_rhombus_thin
          [minmay_the_grid_triangle_9x9_flanged_cone,
          minmay_the_grid_triangle_9x9_prize_center,
          minmay_the_grid_triangle_9x9_subtriangle,
          minmay_the_grid_triangle_9x9_warning], layout_basic,
          nemelex_spade_bored_becter, minmay_misc_feat_doors,
          minmay_misc_feat_x, uniq_psyche, uniq_maurice
D:10:     minmay_goldmine, layout_basic, uniq_harold
D:11:     layout_loops_ring, dpeg_oklobed_lair
D:12:     layout_stronghold, orc_0_dummy, portal_ice_cave_entry_imps
D:13:     layout_basic
D:14:     layout_irregular_city, hangedman_vaults_entry_quadrant_bands
D:15:     grunt_enter_depths_snipers, layout_cave_pools,
          minmay_misc_feat_pillars, nicolae_qazlal_general_emergency,
          uniq_azrael, uniq_agnes
Lair:1:   layout_chaotic_city, ebering_ghost_xom, beast_lair_carwin_7
Lair:2:   layout_regular_city, minmay_swamp_entry_reptiles,
          gauntlet_entry_generic, st_stairs_7, lemuel_fruit_fields,
          grunt_megastairs_5
Lair:3:   layout_chaotic_city, ebering_ghost_inner_flame
Lair:4:   layout_long_grid, hellmonk_spider_entry_not_the_bees
Lair:5:   layout_layer_cave, minmay_slime_entry_pillars
Lair:6:   guppyfry_lair_end_dragon, layout_regular_city,
          hangedman_lair_tendril_chambers
Spider:1: layout_spider_delve, nzn_ghost_randoct, drop_trap
Orc:1:    layout_caves, serial_shops, shop, nicolae_lakefront_shop, shop,
          nicolae_diamond_shop, shop_statue, basic_altar,
          nicolae_specific_store, uniq_josephine, uniq_jorgrun
Orc:2:    st_orc_elflike, layout_caves, serial_shops, shop, basic_altar,
          uniq_urug

Skill      XL: |  1  2  3  4  5  6  7  8  9 10 11 12 13 14 15 16 |
---------------+-------------------------------------------------+-----
Axes           | 4 5 6 7 8 9 11 14 17 20 23 24 25 26 | 26.4
Fighting       | 7 10 11 16 20 | 20.0
Armour         | 3 10 11 14 16 | 16.0
Dodging        | |  2.1

Action                   |  1- 3 |  4- 6 |  7- 9 | 10-12 | 13-15 | 16-18 || total
-------------------------+-------+-------+-------+-------+-------+-------++-------
Melee: Hand axe          |    87 |   183 |   397 |   142 |       |       ||   809
       Headbutt          |    12 |    29 |    76 |    83 |   141 |    34 ||   375
       Punch             |       |     4 |     3 |       |       |       ||     7
       Executioner's axe |       |       |       |   340 |   747 |   166 ||  1253
       Unarmed           |       |       |       |       |     2 |       ||     2
Throw: Dart              |       |     6 |       |    16 |       |       ||    22
       Boomerang         |       |       |       |     2 |     4 |       ||     6
Invok: Trog's Hand       |       |       |       |     2 |     3 |     2 ||     7
       Brothers in Arms  |       |       |       |       |       |     3 ||     3
       Berserk           |       |       |       |       |       |     1 ||     1
  Use: Scroll            |     6 |     3 |     1 |    12 |    12 |     1 ||    35
       Potion            |       |     1 |     1 |     2 |     2 |     9 ||    15
Armor: Animal skin       |    14 |       |       |       |       |       ||    14
       Scale mail        |    19 |    60 |    70 |       |       |       ||   149
       Chain mail        |       |       |    40 |    60 |       |       ||   100
       Plate armour      |       |       |       |    52 |   326 |   167 ||   545
       Skin              |       |       |       |       |     1 |       ||     1
Dodge: Dodged            |    44 |   104 |   202 |   234 |   433 |   226 ||  1243
Block: Buckler           |       |       |     6 |     7 |       |       ||    13

Table legend: (Time is in decaauts)
 A = Elapsed time spent in this place.
 B = Non-inter-level travel time spent in this place.
 C = Inter-level travel time spent in this place.
 D = Time resting spent in this place.
 E = Time spent auto-exploring this place.
 F = Levels seen in this place.
 G = Mean time per level.
                   A        B        C        D        E       F      G
               +--------+--------+--------+--------+--------+-----+--------+
         Total |  31901 |  31016 |    885 |   5434 |  19621 |  26 | 1227.0 |
       Dungeon |  19345 |  18796 |    549 |   3218 |  12304 |  15 | 1289.7 |
          Lair |   8775 |   8496 |    279 |   1720 |   5686 |   6 | 1462.5 |
   Spider Nest |    831 |    831 |      0 |     25 |    537 |   1 |  831.0 |
  Orcish Mines |   2215 |   2160 |     55 |    471 |   1094 |   2 | 1107.5 |
      Ice Cave |     99 |     99 |      0 |      0 |      0 |   1 |   99.0 |
      Gauntlet |    635 |    635 |      0 |      0 |      0 |   1 |  635.0 |
               +--------+--------+--------+--------+--------+-----+--------+

Top non-repeatable levels by time:
  Lair:6: 2323 daAuts
  Lair:4: 2121 daAuts
     D:9: 2009 daAuts
     D:5: 1662 daAuts
    D:10: 1661 daAuts
    D:14: 1644 daAuts
    D:12: 1458 daAuts
     D:8: 1326 daAuts
     D:1: 1316 daAuts
     D:3: 1310 daAuts
  Lair:1: 1232 daAuts
     D:6: 1229 daAuts
     D:4: 1151 daAuts
  Lair:3: 1142 daAuts
   Orc:1: 1127 daAuts
